Map: King's Cove LE

Players

TYTY (TY) - Winner!

  • Race: Terran Terran
  • Spawn Location: 11:00

soO

  • Race: Zerg Zerg
  • Spawn Location: 5:00

Event: IEM Season 13: Katowice (2019)

VOD

Have the link to the VOD?

Description

Time

  • Played on: March 1, 2019, 1:33 p.m.
  • Length: 12:30

All games in this series

Show
View Real Time Build Order
Export as new Build Order

TYTY Terran - Winner!

Build Orders: Reaper Expand 

Get SALT Encoding   

  12  0:00  SCV  
  13  0:13  SCV  
  14  0:19  Supply Depot  
  14  0:25  SCV  
  15  0:45  Barracks  
  15  0:54  Barracks, SCV  
  16  1:06  SCV  
  16  1:08  Refinery  
  17  1:19  SCV  
  19  1:33  Marine  
  19  1:34  Orbital Command  
  19  1:47  Command Center  
  19  1:53  Reaper  
  20  2:00  SCV  
  21  2:05  Supply Depot  
  21  2:13  SCV  
  22  2:25  SCV  
  23  2:31  Factory  
  23  2:37  SCV  
  24  2:48  Refinery  
  24  2:49  SCV  
  25  3:01  SCV  
  26  3:10  Orbital Command  
  25  3:13  SCV  
  25  3:15  Factory Reactor  
  26  3:22  Starport  
  26  3:25  SCV  
  27  3:29  Command Center  
  27  3:36  SCV  
  27  3:37  SCV  
  29  3:48  SCV  
  29  3:50  SCV  
  29  3:51  Hellion x2  
  35  3:59  Viking  
  35  4:00  SCV  
  35  4:02  SCV  
  38  4:06  Barracks Tech Lab  
  35  4:12  SCV  
  35  4:13  Liberator, Hellion x2  
  35  4:16  SCV  
  40  4:24  SCV  
  40  4:28  Supply Depot  
  40  4:29  SCV  
  45  4:37  SCV  
  46  4:41  Orbital Command  
  46  4:43  Hellion  
  48  4:47  SCV  
  48  4:50  Hellion  
  48  4:52  SCV  
  52  4:57  Armory  
  52  4:59  Liberator  
  52  5:01  SCV  
  52  5:04  SCV  
  52  5:06  SCV  
  55  5:13  SCV  
  56  5:17  Hellion x2  
  63  5:23  SCV  
  63  5:26  SCV  
  63  5:28  Supply Depot  
  66  5:35  SCV, Supply Depot  
  66  5:38  SCV  
  66  5:39  Hellion  
  69  5:47  Liberator  
  69  5:49  Terran Vehicle Weapons Level 1, Refinery, SCV  
  70  5:50  Refinery, SCV  
  71  5:57  Orbital Command  
  71  6:01  SCV, Hellion x2  
  71  6:02  SCV  
  68  6:13  SCV  
  68  6:14  SCV  
  66  6:21  Factory  
  66  6:22  Factory, Hellion x2  
  70  6:25  SCV  
  70  6:26  SCV  
  70  6:28  SCV  
  73  6:37  Armory  
  73  6:38  Barracks Tech Lab, Refinery x2, SCV x2  
  75  6:40  SCV  
  75  6:44  Hellion x2  
  80  6:47  Supply Depot  
  80  6:50  SCV x2  
  80  6:51  Starport Reactor  
  80  6:52  SCV  
  81  7:02  SCV x2  
  81  7:04  SCV  
  84  7:09  Hellion x2  
  84  7:14  SCV, Supply Depot x3  
  84  7:15  SCV  
  90  7:16  SCV  
  91  7:28  Medivac  
  93  7:35  Thor x2, Medivac, SCV x3  
  110  7:41  Supply Depot  
  110  7:42  Command Center, Supply Depot  
  110  7:43  Hellion  
  108  7:47  Infernal Pre-Igniter  
  108  7:50  SCV x2  
  104  7:52  Terran Vehicle And Ship Armor Level 1  
  104  7:54  Engineering Bay  
  104  7:56  SCV, Hellion  
  100  8:03  SCV x2  
  101  8:05  Hellion  
  101  8:17  Terran Vehicle Weapons Level 2  
  101  8:18  Thor, Factory x2, Hellion  
  110  8:22  Missile Turret  
  110  8:23  Missile Turret  
  110  8:25  Medivac  
  110  8:26  SCV x3  
  114  8:31  Hellion  
  116  8:36  Thor  
  116  8:40  Supply Depot  
  119  8:41  SCV x2  
  119  8:43  SCV  
  120  8:49  Hellion  
  120  8:53  SCV x2, Hellion  
  126  9:02  Liberator x2, Supply Depot  
  126  9:03  Command Center, Factory Tech Lab, Factory Reactor, Supply Depot  
  126  9:07  SCV x3  
  127  9:12  Siege Tank  
  130  9:19  Siege Tank  
  142  9:24  Hellion x2  
  142  9:26  SCV  
  142  9:27  SCV x2  
  144  9:32  Siege Tank  
  141  9:42  Hellion  
  141  9:43  Hellion  
  141  9:44  Siege Tank  
  148  9:48  Terran Vehicle And Ship Armor Level 2  
  148  9:56  Siege Tank  
  148  9:57  Hellion x2  
  144  10:00  SCV  
  144  10:04  Siege Tank  
  144  10:06  Hellion x2  
  153  10:11  SCV x2  
  153  10:12  Missile Turret  
  153  10:18  Planetary Fortress  
  153  10:19  Viking  
  157  10:26  SCV  
  160  10:28  Sensor Tower  
  160  10:31  Hellion x2  
  160  10:33  Smart Servos  
  160  10:34  Siege Tank  
  167  10:35  Hellion  
  167  10:36  Hellion  
  167  10:41  Hellion  
  169  10:46  Medivac  
  171  10:53  Supply Depot x2  
  171  10:55  Supply Depot x2  
  171  10:56  Supply Depot  
  171  11:03  Hellion x4  
  179  11:14  Medivac  
  179  11:15  Siege Tank x2  
  179  11:16  Viking  
  189  11:21  Refinery  
  189  11:22  Refinery  
  189  11:23  Hellion  
  191  11:26  Hellion x3  
  197  11:34  Hellion  
  199  11:43  Supply Depot  
  199  11:45  Factory x2, Viking  
  195  11:49  Siege Tank  
  195  11:54  Siege Tank  
  196  11:55  SCV x3  
  187  12:04  Hellion  
  187  12:05  Hellion x2  
  187  12:06  Hellion  
Show
View Real Time Build Order
Export as new Build Order

soO Zerg 

Build Orders: Hatch First 

Get SALT Encoding   

  12  0:00  Drone  
  13  0:12  Overlord  
  13  0:17  Drone  
  14  0:30  Drone x2  
  14  0:34  Drone  
  17  0:52  Hatchery  
  17  0:55  Drone  
  17  0:58  Drone  
  18  1:14  Spawning Pool  
  18  1:18  Drone  
  18  1:33  Drone  
  18  1:34  Drone  
  18  1:35  Extractor  
  19  1:48  Overlord  
  19  2:03  Queen x2  
  19  2:05  Zergling x2  
  24  2:09  Drone  
  25  2:16  Drone  
  25  2:17  Drone  
  25  2:19  Zergling x2  
  28  2:29  Zergling x2  
  29  2:30  Drone  
  30  2:38  Metabolic Boost  
  30  2:40  Spore Crawler  
  30  2:42  Drone  
  31  2:46  Queen  
  33  2:52  Overlord  
  33  2:54  Drone  
  34  2:58  Drone  
  34  3:01  Drone  
  36  3:14  Hatchery  
  36  3:17  Drone  
  36  3:18  Drone  
  36  3:19  Drone  
  37  3:22  Drone  
  38  3:28  Queen  
  38  3:32  Drone x2  
  42  3:36  Overlord  
  42  3:38  Drone  
  42  3:40  Drone  
  44  3:51  Overlord  
  44  3:56  Drone x2  
  44  3:57  Drone  
  44  4:00  Overlord  
  44  4:02  Drone  
  48  4:07  Zergling x2  
  48  4:09  Zergling x2  
  49  4:10  Queen  
  49  4:12  Lair  
  49  4:15  Drone x3  
  53  4:18  Drone  
  53  4:20  Drone  
  55  4:25  Extractor x2  
  55  4:30  Baneling Nest  
  55  4:31  Queen, Drone  
  53  4:34  Drone x2  
  53  4:36  Drone  
  58  4:42  Overlord  
  58  4:43  Drone  
  58  4:44  Drone x2  
  61  4:49  Overlord  
  61  4:50  Zergling x2  
  61  4:51  Zergling x2  
  63  4:55  Drone x2  
  63  4:56  Drone  
  66  5:00  Overlord  
  66  5:02  Drone  
  66  5:03  Drone  
  66  5:06  Drone x2  
  70  5:11  Overlord  
  69  5:14  Spore Crawler  
  69  5:17  Overlord, Zergling x4  
  70  5:21  Drone  
  70  5:22  Overseer  
  70  5:23  Drone  
  70  5:25  Spore Crawler  
  70  5:28  Spore Crawler  
  70  5:32  Zergling x2  
  70  5:34  Drone  
  72  5:36  Drone x2  
  72  5:40  Drone x3  
  77  5:43  Drone x2  
  77  5:49  Baneling x3  
  79  5:50  Queen, Zergling x4  
  79  5:56  Zergling x2  
  84  6:01  Zergling x4  
  84  6:02  Drone x3  
  84  6:03  Drone  
  83  6:10  Drone x4  
  73  6:12  Drone  
  73  6:14  Drone  
  73  6:15  Drone  
  75  6:23  Drone  
  75  6:25  Drone x2  
  78  6:26  Spire  
  78  6:30  Evolution Chamber  
  78  6:32  Evolution Chamber  
  75  6:36  Drone x2  
  75  6:38  Drone  
  76  6:50  Zergling x4  
  75  7:04  Drone x2  
  76  7:09  Drone x3  
  76  7:12  Drone x2  
  76  7:13  Drone x2  
  76  7:14  Zerg Missile Weapons Level 1, Zerg Ground Armor Level 1  
  81  7:22  Drone x4  
  84  7:23  Drone x2  
  77  7:39  Mutalisk x4  
  77  7:44  Mutalisk x2  
  80  7:47  Drone  
  80  8:09  Drone x3  
  80  8:10  Drone  
  80  8:11  Drone x3  
  87  8:13  Infestation Pit  
  87  8:14  Extractor x2  
  87  8:15  Roach Warren  
  87  8:18  Drone x2  
  85  8:23  Drone  
  86  8:27  Overlord  
  86  8:32  Extractor  
  86  8:33  Drone x2  
  86  8:34  Hydralisk Den, Drone  
  88  8:39  Hatchery  
  86  8:47  Drone x5  
  89  8:51  Hive  
  89  9:00  Roach x9  
  107  9:05  Roach  
  107  9:06  Roach, Glial Reconstitution  
  107  9:07  Overlord  
  107  9:08  Overlord  
  111  9:12  Overlord  
  111  9:13  Zerg Missile Weapons Level 2  
  111  9:15  Overlord  
  111  9:17  Overlord  
  109  9:25  Overlord  
  109  9:27  Roach x3  
  109  9:28  Roach  
  117  9:35  Roach x2  
  117  9:37  Roach  
  117  9:43  Hydralisk x4  
  123  9:50  Grooved Spines  
  114  10:02  Drone x5  
  114  10:03  Drone x2  
  121  10:13  Hydralisk  
  121  10:14  Hydralisk x3  
  121  10:19  Viper  
  132  10:24  Greater Spire  
  133  10:28  Drone  
  133  10:31  Drone  
  133  10:35  Hatchery  
  133  10:37  Viper  
  133  10:41  Hatchery  
  135  10:43  Overlord  
  135  10:53  Drone x12  
  147  10:58  Extractor  
  147  11:00  Extractor  
  147  11:01  Muscular Augments  
  147  11:02  Queen  
  147  11:04  Corruptor x2  
  147  11:06  Corruptor  
  153  11:15  Corruptor x2  
  157  11:26  Corruptor x2  
  150  11:40  Hydralisk  
  150  11:41  Roach x4  
  157  11:48  Brood Lord  
  157  11:50  Brood Lord  
  150  11:59  Corruptor  
  150  12:00  Brood Lord  

Tags
 
Add a new tag
Caveats
  • Supply blocks, unpowered buildings, or Contaminate may cause inaccurate times.
  • Supply counts are checked every 10 seconds.